 Dungeon Crawl Stone Soup version 0.32-a0-986-ga09f62fbf4 (webtiles) character file.

Game seed: 184641314387229479

132 RepHenryClay the Conjurer (level 5, -2/31 HPs)
             Began as an Octopode Earth Elementalist on Apr 22, 2024.
             Slain by a river rat (9 damage)
             ... in a sewer.
             The game lasted 00:05:38 (2184 turns).

RepHenryClay the Conjurer (OpEE)                    Turns: 2184, Time: 00:05:39

Health: -2/31      AC:  1    Str:  7    XL:     5   Next: 15%
Magic:  5/8        EV: 12    Int: 20    God:
Gold:   52         SH:  0    Dex: 12    Spells: 4/8 levels left

rFire   . . .        a - staff of conjuration
rCold   . . .        (no shield)
rNeg    . . .        (helmet restricted)
rPois   .            (no amulet)
rElec   .            e - ring of wizardry
rCorr   .            h - ring of willpower
SInv    .            (no ring)
Will    +....        (no ring)
Stlth   +++          (no ring)
HPRegen 0.25/turn    (no ring)
MPRegen 0.11/turn    (no ring)
                     (no ring)

%: wizardry (x1)
@: mighty, lethally poisoned (-2 -> -4), slowed, very slow
A: almost no armour, amphibious, 8 rings, camouflage 1, gelatinous body 1,
(nimble swimmer 1), tentacles
a: no special abilities


You were in a sewer.
You visited 1 branch of the dungeon, and saw 3 of its levels.
You also visited: Sewer.

You collected 52 gold pieces.

Inventory:

Missiles
 g - 2 throwing nets
Magical Staves
 a - a staff of conjuration (weapon)
Jewellery
 e - a ring of wizardry (left tentacle)
 h - a ring of willpower (right tentacle)
Scrolls
 b - a scroll of fog {unknown}
 d - a scroll of enchant weapon
 k - a scroll of silence {unknown}
 n - a scroll of brand weapon {unknown}
 o - a scroll of teleportation {unknown}
 p - a scroll of noise {unknown}
Potions
 c - a potion of mutation {unknown}
 f - a potion of enlightenment {unknown}
 i - a potion of berserk rage {unknown}
 j - a potion of ambrosia {unknown}
 l - a potion of degeneration {unknown}
 m - a potion of magic
 q - a potion of might
 r - 2 potions of haste {unknown}


   Skills:
 - Level 2.0 Dodging
 - Level 2.6 Stealth
 - Level 2.0 Spellcasting
 + Level 4.0 Conjurations
 + Level 3.9 Earth Magic


You had 4 spell levels left.
You knew the following spells:

 Your Spells              Type           Power      Damage    Failure   Level
a - Sandblast             Erth           34%        2d9       1%          1
b - Stone Arrow           Conj/Erth      54%        3d10      3%          3

Your spell library contained the following spells:

 Spells                   Type           Power      Damage    Failure   Level
 Passwall                 Erth           17%        N/A       4%          3
 Freeze                   Ice            8%         1d3       6%          1
 Hailstorm                Conj/Ice       15%        3d6       9%          3
 Cigotuvi's Dreadful Rot  Necr/Alch/Air  4%         N/A       10%         2
 Brom's Barrelling Bould  Conj/Erth      27%        2d5       12%         4
 Frozen Ramparts          Ice            4%         1d1       19%         3
 Fulminant Prism          Conj/Alch      7%         3d7       26%         4
 Petrify                  Alch/Erth      9%         N/A       26%         4
 Summon Hydra             Summ           1%         N/A       100%        7


Dungeon Overview and Level Annotations

Branches:
Dungeon (3/15)              Sewer (1/1)

Altars:

Annotations:
D:3 Terence


Innate Abilities, Weirdness & Mutations

You cannot wear most types of armour.
You are amphibious.
You can wear up to eight rings at the same time.
Your skin changes colour to match your surroundings (Stealth+).
Your rubbery body absorbs attacks. (AC +1, EV +1)
((You are camouflaged when in or above water. (Stealth+)))
You have tentacles for arms and can constrict up to eight enemies at once.


Message History

Press: ? - help, Shift-Dir - straight line, f - river rat
Aim: a river rat (68% to hit)
You feel a surge of power!
The stone arrow hits the river rat!
The river rat is almost dead.
A brain worm comes into view.
Casting: Stone Arrow (dangerous; 3% risk of failure)
Confirm with . or Enter, or press ? or * to list all spells.
Aiming: Sandblast (safe; 1% risk of failure)
Press: ? - help, Shift-Dir - straight line, f/p - river rat
Aim: a river rat (almost dead, 80% to hit)
The blast of sand misses the river rat.
A kobold brigand comes into view.
It is wielding a +0 whip and quivering curare-tipped darts.
The kobold brigand throws a curare-tipped dart.
The curare-tipped dart hits you.
You are poisoned.
You have difficulty breathing.
You feel yourself slow down.
The river rat attacks as it pursues you!
The river rat bites you.
Huge Dmg: -22%(-7hp) hp: 78%(24hp)
You enter the shallow water.
You feel very sick.
Damage: -13%(-4hp) hp: 65%(20hp)
The rat squeaks loudly.
You hit the rat.
You kill the rat!
You feel very sick. The river rat misses you. The river rat bites you.
Huge Dmg: -19%(-6hp) hp: 46%(14hp)
You feel sick.
The river rat attacks as it pursues you!
The river rat bites you.
* * * LOW HITPOINT WARNING * * *
You see here a rat corpse.
Huge Dmg: -20%(-6hp) hp: 26%(8hp) Welcome back, RepHenryClay the Octopode Earth Elementalist.
Press ? for a list of commands and other information.
It was a potion of might.
You feel very mighty all of a sudden.
You feel sick. The river rat bites you!
You die...

≈≈≈≈≈≈≈≈≈≈≈#~# ≈~
≈≈≈≈≈≈≈≈~~.#~#.~.
≈≈≈≈≈≈≈≈~~.#~#~.~.~..~~.~
≈≈≈≈≈≈≈~~~~...~~.~~~r~~~
≈≈≈≈≈≈≈.....P~P.~.~~~.~#
≈≈≈≈≈≈~...~~.P~~..~~~~~#
≈≈≈≈≈≈..PKh~.~....~..~.#
≈≈≈≈≈≈#~#r~~~..~.~~..~#####
≈≈≈≈≈ #~#@.~~.......~.~~~~~
≈≈≈≈ #h#.#########P.~## ≈≈≈
#~#~~†~~~~~~†PP~.# ≈≈
#~#~####.####~~.~## ≈ #w#.#
##.# #~.....# #~### #.##
#.~.~.~# ##.# ######.###
#~~# #~~~~~~..# #~~#
######~†.#


You could see a kobold brigand, a river rat and a jackal.

Vanquished Creatures
  2 gnolls (D:3)
  A river rat (Sewer)
  4 adders
  13 bats
  3 endoplasms
  4 giant cockroaches
  5 goblins
  5 hobgoblins
  3 jackals
  3 kobolds (D:1)
  2 quokkas (D:1)
  8 ball pythons
  5 frilled lizards
  10 rats
68 creatures vanquished.

Notes
Turn   | Place    | Note
-------+----------+-------------------------------------------
     0 | D:1      | RepHenryClay the Octopode Earth Elementalist began the
                  | quest for the Orb.
     0 | D:1      | Reached XP level 1. HP: 11/11 MP: 3/3
   159 | D:1      | Reached skill level 2 in Conjurations
   159 | D:1      | Reached XP level 2. HP: 12/17 MP: 0/5
   450 | D:1      | Got Koghew's Grimoire of Syndicated Hermetica
   629 | D:1      | Reached XP level 3. HP: 21/21 MP: 3/6
   743 | D:1      | Reached skill level 3 in Conjurations
  1398 | D:2      | Reached XP level 4. HP: 27/27 MP: 5/7
  1662 | D:2      | Learned a level 3 spell: Stone Arrow
  1684 | D:3      | Noticed Terence
  1870 | D:3      | Found a glowing drain.
  1873 | Sewer    | Entered a sewer
  2000 | Sewer    | Reached XP level 5. HP: 9/31 MP: 4/8
  2117 | Sewer    | Reached skill level 4 in Conjurations
  2178 | Sewer    | Noticed a kobold brigand
  2184 | Sewer    | Slain by a river rat

Illustrated notes

Levels and vault maps discovered:
D:1:      dpeg_arrival_ternary, layout_basic, minmay_vboxes
D:2:      minmay_chambers_of_ones, layout_loops_ring
D:3:      layout_loops_ring, marbit_many_paths,
          hellmonk_ecumenical_altar_leap_of_faith,
          mainiacjoe_sewer_entry_somewhere_in_here_1, uniq_terence
Sewer:    sewer_co_scattered_pipes

Skill      XL: |  1  2  3  4  5 |
---------------+----------------+-----
Conjurations   | 2 3 4 |  4.0
Dodging        | |  2.0
Stealth        | |  2.6
Spellcasting   | |  2.0
Earth Magic    | |  3.9

Action                     |  1- 3 |  4- 6 || total
---------------------------+-------+-------++-------
  Melee: Unarmed           |    18 |       ||    18
         Constrict         |     6 |     1 ||     7
         Tentacles         |     4 |     1 ||     5
         Staff             |       |     2 ||     2
   Cast: Sandblast         |    48 |    41 ||    89
         Stone Arrow       |       |     2 ||     2
    Use: Scroll            |       |     2 ||     2
         Potion            |       |     2 ||     2
 Armour: Skin              |    23 |    12 ||    35
  Dodge: Dodged            |    29 |    22 ||    51

Table legend: (Time is in decaauts)
 A = Elapsed time spent in this place.
 B = Non-inter-level travel time spent in this place.
 C = Inter-level travel time spent in this place.
 D = Time resting spent in this place.
 E = Time spent auto-exploring this place.
 F = Levels seen in this place.
 G = Mean time per level.
                   A        B        C        D        E       F      G
               +--------+--------+--------+--------+--------+-----+--------+
         Total |   2228 |   2199 |     29 |    140 |   1499 |   4 |  557.0 |
       Dungeon |   1905 |   1876 |     29 |     60 |   1349 |   3 |  635.0 |
         Sewer |    322 |    322 |      0 |     80 |    150 |   1 |  322.0 |
               +--------+--------+--------+--------+--------+-----+--------+

Top non-repeatable levels by time:
     D:1: 910 daAuts
     D:2: 787 daAuts
   Sewer: 322 daAuts
     D:3: 207 daAuts
